 Dungeon Crawl Stone Soup version 0.31.0-11-ge490571c62 (webtiles) character file.

Game seed: 10629924658070187985

153 SnakkuSnakku7 the Insei (level 5, -4/38 HPs)
             Began as a Merfolk Air Elementalist on Jan 30, 2024.
             Killed from afar by an orc wizard (6 damage)
             ... with a puff of flame
             ... on level 4 of the Dungeon.
             The game lasted 00:05:36 (3354 turns).

SnakkuSnakku7 the Insei (Merfolk Air Elementalist)  Turns: 3354, Time: 00:05:37

Health: -4/38      AC:  5    Str: 10    XL:     5   Next: 35%
Magic:  8/8        EV: 12    Int: 15    God:
Gold:   109        SH:  0    Dex: 14    Spells: 7/8 levels left

rFire   . .          .
                       - Unarmed
rCold   . . .        (no shield)
rNeg    + . .        p - +1 leather armour {rN+}
rPois   .            k - +0 helmet
rElec   .            (no cloak)
rCorr   .            (no gloves)
SInv    .            (no boots)
Will    .....        (no amulet)
Stlth   ++           (no ring)
HPRegen 0.26/turn    (no ring)
MPRegen 0.11/turn

%: no passive effects
@: no status effects
A: (nimble swimmer 2), mertail
a: no special abilities


You were on level 4 of the Dungeon.
You visited 1 branch of the dungeon, and saw 4 of its levels.

You collected 109 gold pieces.

Inventory:

Missiles
 g - 6 poisoned darts
Armour
 a - a +0 robe
 j - a +0 ring mail
 k - a +0 helmet (worn)
 p - a +1 leather armour of positive energy (worn)
Talismans
 m - a blade talisman
Wands
 f - a wand of polymorph (8)
Scrolls
 c - 2 scrolls of fog {unknown}
 d - 6 scrolls of teleportation
 e - 2 scrolls of enchant weapon {unknown}
 h - a scroll of poison {unknown}
 i - a scroll of vulnerability {unknown}
 l - a scroll of identify
Potions
 b - a potion of magic
 n - a potion of might
 o - a potion of brilliance


   Skills:
 - Level 1.7 Fighting
 - Level 2.6 Dodging
 - Level 2.1 Stealth
 + Level 3.6 Unarmed Combat
 - Level 2.0 Spellcasting
 - Level 0.7 Conjurations
 - Level 2.4 Air Magic
 + Level 3.3 Shapeshifting


You had 7 spell levels left.
You knew the following spells:

 Your Spells              Type           Power      Damage    Failure   Level
a - Shock                 Conj/Air       24%        1d4       16%         1

Your spell library contained the following spells:

 Spells                   Type           Power      Damage    Failure   Level
 Static Discharge         Conj/Air       12%        3-4/arc   24%         2
 Swiftness                Air            8%         N/A       34%         3
 Hailstorm                Conj/Ice       2%         3d5       61%         3
 Summon Ice Beast         Ice/Summ       1%         N/A       65%         3
 Airstrike                Air            4%         2d(1-17)  75%         4
 Conjure Ball Lightning   Conj/Air       3%         3x3d6     100%        6
 Sculpt Simulacrum        Ice/Alch       0%         N/A       100%        6
 Discord                  Hex            0%         N/A       100%        8
 Disjunction              Tloc           0%         N/A       100%        8


Dungeon Overview and Level Annotations

Branches:
Dungeon (4/15)
 Temple: D:4-7

Altars:

Shops:
D:3 [


Innate Abilities, Weirdness & Mutations

((You are very nimble when in or above water. (Stealth+, EV+, Speed+++)))
Your lower body shifts to a powerful aquatic tail in water.


Message History

You bump into the rock wall.
You feel less confused.
The orc wizard hits you with a +0 dagger.
You hit the orc wizard but do no damage.
The orc wizard is severely wounded.
The orc wizard mumbles some strange words.
The orc wizard flickers and vanishes!
Deactivating autopickup; reactivate with Ctrl-A.
You closely miss something. Something hits you.
You barely miss something. Something hits you.
You barely miss something. Something barely misses you.
You closely miss something. Something hits you.
You completely miss something. Something hits you but does no damage.
You barely miss something.
You hear some strange, mumbled words.
You are confused.
You bump into the rock wall.
Something hits you but does no damage.
You hit something but do no damage. Something hits you.
You barely miss something. Something hits you but does no damage.
You hit something but do no damage.
You hear some strange, mumbled words.
A puff of flame appears from out of thin air!
The puff of flame hits you!
* * * LOW HITPOINT WARNING * * *
You barely miss something. Something hits you but does no damage.
Okay, then.
You are too confused!
Unknown command.
You bump into the rock wall.
Something hits you.
* * * LOW HITPOINT WARNING * * *
You bump into the rock wall.
You feel less confused. Something hits you but does no damage.
Aiming: Polymorph
Press: ? - help, Shift-Dir - straight line Nothing appears to happen.
You hear some strange, mumbled words.
A puff of flame appears from out of thin air!
The puff of flame hits you.
You die...

#. .............
#.#. #...#.....
#.#. #.!..g.{..
#.#. #......#..
#.#. #.......##
###.#.#####.......#
...#.........###.#
#.##.##.#...# #...
#@......##.## ####
#.###{##.#####...
#....<...# #####
#####.#### #.# #.#
<.# ####


There were no monsters in sight!

Vanquished Creatures
  Jessica (D:2)
  Robin (D:3)
  4 adders
  A dart slug (D:3)
  A ribbon worm (D:3)
  6 orcs (D:3)
  4 ball pythons
  4 bats
  6 endoplasms
  3 giant cockroaches
  8 hobgoblins
  2 jackals (D:3)
  2 quokkas
  4 frilled lizards
  11 goblins (D:3)
  A kobold (D:3)
  9 rats
68 creatures vanquished.

Notes
Turn   | Place    | Note
-------+----------+-------------------------------------------
     0 | D:1      | SnakkuSnakku7 the Merfolk Air Elementalist began the quest
                  | for the Orb.
     0 | D:1      | Reached XP level 1. HP: 13/13 MP: 3/3
   212 | D:1      | Reached skill level 1 in Fighting
   212 | D:1      | Reached skill level 1 in Unarmed Combat
   232 | D:1      | Reached XP level 2. HP: 20/21 MP: 1/5
   856 | D:2      | Reached skill level 1 in Shapeshifting
   856 | D:2      | Reached XP level 3. HP: 16/27 MP: 6/6
  1017 | D:2      | Noticed Jessica
  1029 | D:2      | Killed Jessica
  1030 | D:2      | Reached XP level 4. HP: 24/33 MP: 7/7
  1711 | D:3      | Found Doerph's Armour Shoppe.
  1789 | D:3      | Noticed Sigmund
  1932 | D:3      | HP: 1/33 [adder (3)]
  2283 | D:3      | Noticed Robin
  2308 | D:3      | Killed Robin
  2309 | D:3      | Reached XP level 5. HP: 38/38 MP: 8/8
  3011 | D:3      | Noticed Sigmund
  3012 | D:3      | Killed Sigmund the ball python
  3352 | D:4      | HP: 1/38 [something (2)]
  3354 | D:4      | Killed from afar by an orc wizard

Illustrated notes

Levels and vault maps discovered:
D:1:      wander_arrival_desolate, layout_basic
D:2:      kennysheep_six_static_rooms, layout_loops_ring, uniq_jessica
D:3:      layout_basic, serial_shops, shop, hangedman_decor_push, uniq_sigmund,
          uniq_robin
D:4:      layout_loops_ring, mainiacjoe_overflow_boulevard, uniq_eustachio

Skill      XL: |  1  2  3  4 |
---------------+-------------+-----
Fighting       | 1 |  1.7
Unarmed Combat | 1 2 3 |  3.6
Shapeshifting  | 1 2 3 |  3.3
Dodging        | |  2.6
Stealth        | |  2.1
Spellcasting   | |  2.0
Conjurations   | |  0.7
Air Magic      | |  2.4

Action                     |  1- 3 |  4- 6 || total
---------------------------+-------+-------++-------
  Melee: Unarmed           |   163 |   234 ||   397
         Punch             |       |     3 ||     3
   Cast: Shock             |     5 |       ||     5
  Evoke: Wand              |       |     7 ||     7
    Use: Scroll            |       |     4 ||     4
         Potion            |       |     3 ||     3
   Stab: Sleeping          |     4 |     2 ||     6
 Armour: Robe              |    32 |       ||    32
         Ring mail         |    57 |   119 ||   176
         Leather armour    |       |    17 ||    17
         Skin              |       |    14 ||    14
  Dodge: Dodged            |   102 |   110 ||   212
